cohdb
Replays
Latest Replays
All Replays
Popular Replays
Top Player Replays
Match Explorer
How It Works
Community
CoH3 Stats
Reddit
Sign in to upload your games and track your stats! →
Sign in with Steam
Match 42082218
Unlisted
Match 42082218
Overview
Messages
Build Orders
End
Construct Barracks
Engineer Squad
Riflemen Squad
Riflemen Squad
Grenade Package
Construct Weapon Support Center
M1919 Machine Gun Team
Selects Heavy Weapons
Selects Heavy Weapons
Selects Assault Carriers
Selects M2HB .50cal Heavy Machine Gun
Mechanized Support Center
M1 Mortar Team
M3 Assault Carrier
Construct Tank Depot
M4A1 Sherman Medium Tank
Improvised Armor
M4A1 76mm Conversion
Riflemen Squad
M4A1(76) Sherman Medium Tank
Engineer Squad
Engineer Squad
Selects Exchangeable Parts
Selects M26 Pershing Heavy Tank
Riflemen Squad
Riflemen Squad
Scout Squad
M26 Pershing Heavy Tank
Engineer Squad
Engineer Squad
Engineer Squad
Rapid Repairs
M4A1(76) Sherman Medium Tank
noFEAR
BROken-J
新世紀福德正神 (Orange)
Maverick
homig
Stapleton
kerem
sunsetistaken
0
0
Comments
sign in to comment!
No comments posted yet!